 Dungeon Crawl Stone Soup version 0.29-a0-303-ge4682ce883 (webtiles) character file.

Game seed: 6716445056683741523

2916 Colgate the Basher (level 9, -6/73 HPs)
             Began as a Naga Artificer on Mar 25, 2022.
             Was a Priest of Dithmenos.
             Mangled by Prince Ribbit (14 damage)
             ... on level 7 of the Dungeon.
             The game lasted 00:55:01 (9860 turns).

Colgate the Basher (Naga Artificer)                 Turns: 9860, Time: 00:55:02

Health: -6/73      AC:  8    Str: 16    XL:     9   Next: 78%
Magic:  0/3        EV:  9    Int: 15    God:    Dithmenos [***...]
Gold:   144        SH:  0    Dex: 11    Spells: 8/8 levels left

rFire   + . .      SeeInvis +   n - +8 mace "Undertaker" {antimagic, Fragile rElec rCorr}
rCold   . . .      Faith    .   (no shield)
rNeg    . . .      Spirit   +   M - +0 leather armour {Will+}
rPois   +          Reflect  .   h - +2 helmet
rElec   +          Harm     .   (no cloak)
rCorr   +          Rampage  .   x - +0 pair of gloves
Will    ++...                   (no barding)
Stlth   ++++......              A - amulet of guardian spirit
HPRegen 0.22/turn               m - ring of protection from fire
MPRegen 0.08/turn               E - ring of flight

@: on berserk cooldown, flying, slowed, wreathed by umbra, very slow
A: AC +3, large, see invisible, deformed body, poison resistance, slowness 2,
spit poison 1, naga tail 1
a: Spit Poison, Renounce Religion, Shadow Step


You were on level 7 of the Dungeon.
You worshipped Dithmenos.
Dithmenos was most pleased with you.
You visited 2 branches of the dungeon, and saw 8 of its levels.

You collected 414 gold pieces.
You spent 270 gold pieces at shops.

Inventory:

Hand Weapons
 b - the +3 short sword "Wuessi" {elec, rC++ Dex-5 Stlth+}
   (You found it on level 7 of the Dungeon)

   It occasionally discharges a powerful burst of electricity upon striking a
   foe.
   Dex:       It affects your dexterity (-5).
   rC:        It greatly protects you from cold.
   Stlth:     It makes you more stealthy.
 n - the +8 mace "Undertaker" (weapon) {antimagic, Fragile rElec rCorr}
   (You found it on level 4 of the Dungeon)

   It reduces the magical energy of the wielder, and disrupts the spells and
   magical abilities of those it strikes.
   Natural abilities and divine invocations are not affected.
   rElec:     It insulates you from electricity.
   rCorr:     It protects you from acid and corrosion.
   Fragile:   It will be destroyed if unequipped.
 C - a +0 war axe of electrocution
 I - a +0 vorpal mace
 L - the +6 rapier of the Thoughtful Beasts {flame, rF+ Dex+2}
   (You bought it in a shop on level 5 of the Dungeon)

   It burns those it strikes, dealing additional fire damage.
   Dex:       It affects your dexterity (+2).
   rF:        It protects you from fire.
 N - a +0 flail of holy wrath
 P - a +2 great mace of holy wrath
Missiles
 Q - a curare-tipped dart
Armour
 g - a +0 ring mail
 h - a +2 helmet (worn)
 k - a +0 robe
 w - a +0 scale mail
 x - a +0 pair of gloves (worn)
 y - a +0 chain mail
 F - a +0 tower shield
 M - a +0 leather armour of willpower (worn)
 R - the +3 ring mail of the Raven {rF+ MP+9 Int+2 Slay-2}
   (You found it on level 7 of the Dungeon)

   Int:       It affects your intelligence (+2).
   Slay:      It affects your accuracy & damage with ranged weapons and melee
   (-2).
   rF:        It protects you from fire.
   MP:        It affects your magic capacity (+9).
Jewellery
 j - a ring of fire
 m - a ring of protection from fire (left hand)
 p - a ring of wizardry
 A - an amulet of guardian spirit (around neck)
 E - a ring of flight (right hand)
Wands
 c - a wand of flame (13)
 d - a wand of charming (14)
 e - a wand of iceblast (1) {@v2}
Scrolls
 a - 3 scrolls of enchant armour
 f - 2 scrolls of summoning
 i - a scroll of silence {unknown}
 l - a scroll of holy word
 q - 4 scrolls of fear
 s - a scroll of amnesia
 t - a scroll of noise
 u - 2 scrolls of blinking {unknown}
 v - 2 scrolls of teleportation {@r3}
 J - a scroll of fog {unknown}
 K - 2 scrolls of immolation {unknown}
 S - 2 scrolls of vulnerability {unknown}
Potions
 o - a potion of mutation
 z - a potion of ambrosia
 B - a potion of haste {unknown}
 D - a potion of invisibility {unknown}
 G - 2 potions of brilliance
 O - a potion of attraction {unknown}
 T - a potion of heal wounds {unknown}


   Skills:
 - Level 2.0 Fighting
 + Level 11.9 Maces & Flails
 - Level 1.5 Armour
 - Level 0.7 Dodging
 - Level 6.3 Stealth
 - Level 4.2 Evocations


You had 8 spell levels left.
You didn't know any spells.
Your spell library contained the following spells:

 Spells                   Type           Power      Damage    Failure   Level
 Ignite Poison            Fire/Tmut/Pois 0%         N/A       69%         3
 Mephitic Cloud           Conj/Pois/Air  0%         N/A       69%         3
 Freezing Cloud           Conj/Ice/Air   0%         6-21      100%        5


Dungeon Overview and Level Annotations

Branches:
Dungeon (7/15)             Temple (1/1) D:4

Altars:
Ashenzari
Cheibriados
Dithmenos
Elyvilon
Fedhas
Gozag
Hepliaklqana
Kikubaaqudgha
Makhleb
Nemelex Xobeh
Okawaru
Qazlal
Ru
Sif Muna
Trog
Uskayaw
Vehumet
Wu Jian
Xom
Yredelemnul
Zin
The Shining One

Shops:
D:3 :   D:5 (   D:6 [

Annotations:
D:4 kultaa raudan takana
D:7 2 transporters, Prince Ribbit; Zigma's ghost, novice OpTm


Innate Abilities, Weirdness & Mutations

Your serpentine skin is tough. (AC +3)
You have supernaturally acute eyesight. (SInv)
Armour fits poorly on your strangely shaped body.
Your system is resistant to poisons. (rPois)
You cover ground very slowly.
You can spit poison.
You have a snake-like lower body.


Message History

The killer bee stings you.
* * * LOW HITPOINT WARNING * * *
You are poisoned.
The killer bee poisons you!
You bludgeon the killer bee!!
You kill the killer bee!
Dithmenos accepts your kill.
You feel sick.
You closely miss the killer bee. Your punch misses the killer bee.
You have got your breath back.
You feel sick.
The killer bee stings you but does no damage.
You sock the killer bee! The killer bee stings you.
* * * LOW HITPOINT WARNING * * *
You bludgeon the killer bee!!
You kill the killer bee!
Dithmenos accepts your kill.
You feel sick.
You are too berserk!
You closely miss Prince Ribbit.
Prince Ribbit blinks!
You hit the killer bee.
You feel sick. The killer bee stings you.
* * * LOW HITPOINT WARNING * * *
You bludgeon the killer bee!!
You kill the killer bee!
Dithmenos accepts your kill.
* * * LOW HITPOINT WARNING * * *
You feel sick.
You feel a strong urge to attack something.
* * * LOW HITPOINT WARNING * * *
You feel sick.
You are no longer poisoned.
You are no longer berserk.
You are exhausted.
You feel yourself slow down.
You feel better.
Prince Ribbit blinks!
Aiming: Iceblast
Aim: Prince Ribbit (umbra)
The mass of ice explodes!
The iceblast engulfs Prince Ribbit!
You completely miss Prince Ribbit. Prince Ribbit hits you!
You die...

................##.#.#####..## .
.....>.......................## .
....)...#....##.##.#...y......# .
.....##.#..#†##.##.#..####<...##.
........[...†...†................
.....####.......####.............
............###..# ..###.###.....
......).....# #.F# .# ### ###....
............###.@#.# #.# #.###...
####.#......##.)...##y. #...##...
#.#......##.....##. #.#. #...
#.#.....).......# #.!. #...
#.#......##.....# .#.#.#...
#.#$.....###....#?y y#..#...
#.######## #...©#©W .#.#.©#©..
#.# #..#.#?.#. .#..#...
####.####### #.##.#(#.# #.#.#...


You could see Prince Ribbit.

Vanquished Creatures
  Eustachio (D:6)
  Edmund (D:6)
  Duvessa (D:6)
  3 water moccasins
  2 ice beasts
  An orc warrior (D:7)
  2 black bears (D:6)
  2 sky beasts
  An ogre (D:5)
  Blork the orc (D:6)
  A kobold brigand (D:7)
  A bullfrog (D:7)
  2 necrophages
  4 scorpions
  Dowan (D:6)
  6 killer bees (D:7)
  A howler monkey (D:7)
  2 orc priests
  A gnoll shaman (D:3)
  4 hounds
  An iguana (D:6)
  7 orc wizards
  5 adders
  2 white imps
  4 dart slugs
  29 orcs
  8 endoplasms
  3 giant cockroaches
  7 goblins
  5 hobgoblins
  5 jackals (D:3)
  2 quokkas
  8 ball pythons
  2 bats (D:1)
  9 kobolds
  15 rats
150 creatures vanquished.

Vanquished Creatures (collateral kills)
  An adder (D:5)
  An orc (D:5)
2 creatures vanquished.

Vanquished Creatures (others)
  2 fungi (D:2)
  2 plants (D:2)
4 creatures vanquished.

Grand Total: 156 creatures vanquished

Notes
Turn   | Place    | Note
-------+----------+-------------------------------------------
     0 | D:1      | Colgate the Naga Artificer began the quest for the Orb.
     0 | D:1      | Reached XP level 1. HP: 18/18 MP: 1/1
   315 | D:1      | Reached XP level 2. HP: 25/25 MP: 2/2
  1086 | D:1      | Reached XP level 3. HP: 31/31 MP: 3/3
  1445 | D:2      | Reached skill level 5 in Stealth
  1923 | D:2      | Found a faded altar of an unknown god.
  1936 | D:2      | Prayed at the altar of an unknown god.
  1936 | D:2      | Became a worshipper of Dithmenos the Shadowed
  1936 | D:2      | Reached * piety under Dithmenos
  3181 | D:2      | Found a shadowy altar of Dithmenos.
  3779 | D:3      | Reached XP level 4. HP: 38/38 MP: 4/4
  3846 | D:3      | Found Qitulamm's Book Boutique.
  4908 | D:3      | Reached XP level 5. HP: 17/44 MP: 5/5
  5522 | D:4      | Found a staircase to the Ecumenical Temple.
  5528 | D:4      | Noticed a water moccasin
  5529 | D:4      | Identified the +8 mace "Undertaker" {antimagic, Fragile
                  | rElec rCorr}
  5538 | D:4      | Killed a water moccasin
  5539 | D:4      | Reached skill level 3 in Maces & Flails
  5539 | D:4      | Reached XP level 6. HP: 31/51 MP: 6/6
  5698 | D:4      | Reached ** piety under Dithmenos
  5705 | Temple   | Entered the Ecumenical Temple
  6166 | D:4      | Found a glowing silver altar of Zin.
  6188 | D:5      | Entered Level 5 of the Dungeon
  6195 | D:5      | Noticed a sky beast
  6202 | D:5      | Killed a sky beast
  6203 | D:5      | Reached skill level 4 in Maces & Flails
  6368 | D:5      | Noticed a water moccasin
  6371 | D:5      | Reached skill level 5 in Maces & Flails
  6371 | D:5      | Reached XP level 7. HP: 57/57 MP: 2/7
  6634 | D:5      | Reached skill level 6 in Maces & Flails
  6773 | D:5      | Found a shimmering blue altar of Sif Muna.
  6831 | D:5      | Reached skill level 7 in Maces & Flails
  6831 | D:5      | Reached XP level 8. HP: 55/64 MP: 1/8
  6955 | D:5      | Found Luohit's Antique Weapon Emporium.
  6986 | D:5      | Bought a smouldering rapier for 216 gold pieces
  6986 | D:5      | Identified the +6 rapier of the Thoughtful Beasts {flame,
                  | rF+ Dex+2} (You bought it in a shop on level 5 of the
                  | Dungeon)
  7557 | D:6      | Noticed Dowan
  7590 | D:6      | Noticed Eustachio
  7602 | D:6      | Killed Eustachio
  7603 | D:6      | Reached skill level 8 in Maces & Flails
  8106 | D:6      | Noticed Blork the orc
  8216 | D:6      | Noticed Edmund
  8232 | D:6      | HP: 3/64 [Edmund/+0 flail of holy wrath (8)]
  8233 | D:6      | Killed Edmund
  8551 | D:6      | Found Pojynol's Armour Boutique.
  8556 | D:6      | Bought a +0 pair of gloves for 54 gold pieces
  8576 | D:6      | Reached skill level 9 in Maces & Flails
  8813 | D:6      | Killed Blork the orc
  8814 | D:6      | Reached XP level 9. HP: 70/70 MP: 3/9
  8855 | D:6      | Noticed Duvessa
  8866 | D:6      | Killed Duvessa
  8867 | D:6      | Reached skill level 10 in Maces & Flails
  8873 | D:6      | Killed Dowan
  8873 | D:6      | Reached *** piety under Dithmenos
  9017 | D:7      | Noticed a hornet
  9054 | D:7      | Found a transporter.
  9063 | D:7      | Identified the +3 short sword "Wuessi" {elec, rC++ Dex-5
                  | Stlth+}
  9229 | D:7      | Identified the +3 ring mail of the Raven {rF+ MP+9 Int+2
                  | Slay-2}
  9351 | D:7      | Reached skill level 11 in Maces & Flails
  9668 | D:7      | Found an opulent altar of Gozag.
  9669 | D:7      | Found a hazy altar of Hepliaklqana.
  9813 | D:7      | Found a transporter.
  9815 | D:7      | Noticed Zigma's ghost (novice OpTm)
  9840 | D:7      | Noticed Prince Ribbit
  9852 | D:7      | HP: 3/109 [killer bee (5)]
  9855 | D:7      | HP: 1/109 [poisoned by a killer bee]
  9860 | D:7      | Mangled by Prince Ribbit

Illustrated notes

Levels and vault maps discovered:
D:1:      minmay_arrival_three_doors, layout_loops_ring, minmay_rat_gold_closets
D:2:      layout_basic, shapermc_ecumenical_altar_gd, nicolae_figureground_pulse
D:3:      layout_basic, serial_glass, glass_columns_a, glass_columns_c,
          glass_columns_a, glass_columns_b, glass_columns_b, glass_columns_b,
          glass_columns_c, glass_columns_c, serial_shops, shop, minmay_pentangle
D:4:      layout_rooms, zin_treasury, minmay_temple_entry_mist
D:5:      layout_layer_cave, kennysheep_orc_sif_temple, minmay_shop_grid_forest,
          nrook_campfire, mrwooster_statue_mirror, minmay_crystal_water
D:6:      layout_loops_corners, serial_shops, nicolae_shop_crystal,
          palyth_stone_intersect, uniq_eustachio, uniq_blork_the_orc,
          uniq_duvessa, uniq_edmund
D:7:      layout_basic, mainiacjoe_overflow_divided_tiny, gammafunk_ghost_hive,
          hangedman_minor_gate_pass, uniq_prince_ribbit1
Temple:   compressed_dpeg_circular_temple

Skill      XL: |  1  2  3  4  5  6  7  8  9 |
---------------+----------------------------+-----
Stealth        | 3 4 5 6 |  6.3
Evocations     | 4 |  4.2
Maces & Flails | 3 5 7 9 11 | 11.9
Fighting       | 2 |  2.0
Armour         | |  1.5
Dodging        | |  0.7

Action                   |  1- 3 |  4- 6 |  7- 9 || total
-------------------------+-------+-------+-------++-------
Melee: Unarmed           |     9 |       |       ||     9
       Dagger            |     8 |       |       ||     8
       Short sword       |    12 |       |       ||    12
       Spear             |    16 |       |       ||    16
       Great mace        |       |    56 |       ||    56
       Mace              |       |     9 |   151 ||   160
 Abil: Spit Poison       |    48 |    45 |    80 ||   173
Evoke: Wand              |       |    10 |    18 ||    28
  Use: Scroll            |       |    10 |     2 ||    12
       Potion            |       |       |     3 ||     3
 Stab: Sleeping          |     9 |     1 |     2 ||    12
       Distracted        |       |       |     2 ||     2
Armor: Leather armour    |     3 |    34 |    64 ||   101
       Robe              |       |     5 |       ||     5
Dodge: Dodged            |    12 |    84 |    61 ||   157

Table legend: (Time is in decaauts)
 A = Elapsed time spent in this place.
 B = Non-inter-level travel time spent in this place.
 C = Inter-level travel time spent in this place.
 D = Time resting spent in this place.
 E = Time spent auto-exploring this place.
 F = Levels seen in this place.
 G = Mean time per level.
                   A        B        C        D        E       F      G
               +--------+--------+--------+--------+--------+-----+--------+
         Total |  12568 |  11274 |   1294 |    624 |   8306 |   8 | 1571.0 |
       Dungeon |  12447 |  11153 |   1294 |    624 |   8226 |   7 | 1778.1 |
        Temple |    120 |    120 |      0 |      0 |     79 |   1 |  120.0 |
               +--------+--------+--------+--------+--------+-----+--------+

Top non-repeatable levels by time:
     D:2: 2935 daAuts
     D:3: 2326 daAuts
     D:5: 1790 daAuts
     D:6: 1778 daAuts
     D:1: 1624 daAuts
     D:7: 1010 daAuts
     D:4: 981 daAuts
  Temple: 120 daAuts
